 Dungeon Crawl Stone Soup version 0.29-a0-563-g64e4043184 (webtiles) character file.

Game seed: 9461416457212859934

70 lilufo the Skirmisher (level 4, -5/41 HPs)
             Began as a Minotaur Berserker on June 11, 2022.
             Was a Believer of Trog.
             Slain by a gnoll
             ... wielding a +0 halberd
              (13 damage)
             ... on level 2 of the Dungeon.
             The game lasted 00:03:40 (1595 turns).

lilufo the Skirmisher (Minotaur Berserker)          Turns: 1595, Time: 00:03:40

Health: -5/41      AC:  2    Str: 23    XL:     4   Next: 3%
Magic:  3/3        EV: 12    Int:  4    God:    Trog [**....]
Gold:   103        SH:  0    Dex: 10    Spells: 3/3 levels left

rFire   . . .      SeeInvis .   a - +0 hand axe
rCold   . . .      Faith    .   (no shield)
rNeg    . . .      Spirit   .   b - +0 animal skin
rPois   .          Reflect  .   (helmet restricted)
rElec   .          Harm     .   (no cloak)
rCorr   .          Rampage  .   (no gloves)
Will    .....                   (no boots)
Stlth   +.........              (no amulet)
HPRegen 0.13/turn               (no ring)
MPRegen 0.08/turn               (no ring)

@: no status effects
A: horns 2, retaliatory headbutt
a: Renounce Religion, Berserk, Trog's Hand


You were on level 2 of the Dungeon.
You worshipped Trog.
Trog was pleased with you.
You visited 1 branch of the dungeon, and saw 2 of its levels.

You collected 103 gold pieces.

Inventory:

Hand Weapons
 a - a +0 hand axe (weapon)
Armour
 b - a +0 animal skin (worn)
Wands
 k - a wand of flame (20)
Scrolls
 d - a scroll of immolation {unknown}
 e - 3 scrolls of identify {unknown}
 g - 2 scrolls of magic mapping {unknown}
 m - a scroll of brand weapon {unknown}
Potions
 c - a potion of mutation {unknown}
 f - a potion of haste {unknown}
 h - 4 potions of curing {unknown}
 i - a potion of berserk rage {unknown}
 j - a potion of attraction {unknown}
 l - a potion of magic {unknown}
 n - a potion of heal wounds {unknown}


   Skills:
 + Level 4.3 Fighting
 + Level 4.3 Axes
 + Level 3.3 Armour
 + Level 2.9 Dodging


You had 3 spell levels left.
You didn't know any spells.
Your spell library was empty.

Dungeon Overview and Level Annotations

Branches:
Dungeon (2/15)

Altars:
Kikubaaqudgha

Shops:
D:1 (


Innate Abilities, Weirdness & Mutations

You have a pair of horns on your head.
You reflexively headbutt those who attack you in melee.


Message History

You kill the ball python!
Trog accepts your kill.
You now have 94 gold pieces (gained 13).
h - 4 fizzy purple potions (gained 1)
Found an ancient bone altar of Kikubaaqudgha.
Health restored: 41
n - a lumpy inky potion You now have 103 gold pieces (gained 9).
There is an ancient bone altar of Kikubaaqudgha here.
You see here a +0 mace.
A rat comes into view.
You hit the rat.
You kill the rat!
Trog accepts your kill.
You see here a rat corpse.
A gnoll comes into view. It is wielding a +0 halberd.
The gnoll shouts!
You hear a shout! x2
The gnoll moves out of view.
A rat and 3 gnolls come into view.
The gnoll shouts! x3
The gnoll closely misses you.
You hit the gnoll but do no damage. You headbutt the gnoll!
The gnoll is heavily wounded.
The gnoll hits you from afar with a +0 spear!
The gnoll barely misses you.
You take 9 damage, and have 32/41 hp.
MASSIVE DAMAGE!!
You hit the gnoll but do no damage.
The gnoll is heavily wounded.
The gnoll hits you from afar with a +0 spear!
The gnoll hits you with a +0 halberd.
You take 13 damage, and have 19/41 hp.
MASSIVE DAMAGE!!
You hit the gnoll but do no damage.
The gnoll is heavily wounded.
The gnoll barely misses you. The gnoll hits you with a +0 halberd!
* * * LOW HITPOINT WARNING * * *
You take 11 damage, and have 8/41 hp.
MASSIVE DAMAGE!!
Unknown command.
Unknown command.
The gnoll attacks as you move away! The gnoll hits you with a +0 halberd!
You die...

#########...
#...@ggg$$..
########.#####gr...
### #........# ...
..# #.######## .
#.# #.# #... #.#
#.# #.# ... #.# #.#
#.# #.#####.####
#.# #.#
#........... #.#
#.# #..####.####


You could see 4 gnolls and a rat.

Vanquished Creatures
  Terence (D:2)
  A dart slug (D:1)
  3 ball pythons
  4 bats (D:1)
  4 endoplasms
  2 giant cockroaches (D:1)
  6 hobgoblins
  2 quokkas (D:1)
  7 goblins (D:1)
  5 kobolds (D:1)
  7 rats
42 creatures vanquished.

Vanquished Creatures (others)
  6 plants (D:1)
6 creatures vanquished.

Grand Total: 48 creatures vanquished

Notes
Turn   | Place    | Note
-------+----------+-------------------------------------------
     0 | D:1      | lilufo the Minotaur Berserker began the quest for the Orb.
     0 | D:1      | Reached XP level 1. HP: 19/19 MP: 0/0
   131 | D:1      | Reached XP level 2. HP: 17/27 MP: 1/1
   479 | D:1      | Reached ** piety under Trog
   763 | D:1      | Reached XP level 3. HP: 33/33 MP: 2/2
   801 | D:1      | Found Juaddun's Weapon Emporium.
  1214 | D:2      | Noticed Terence
  1224 | D:2      | Killed Terence
  1225 | D:2      | Reached XP level 4. HP: 20/40 MP: 3/3
  1467 | D:2      | Found an ancient bone altar of Kikubaaqudgha.
  1595 | D:2      | Slain by a gnoll

Illustrated notes

Levels and vault maps discovered:
D:1:      dreamdust_arrival_sigmund_warning, layout_loops_cross, serial_shops,
          shop, serial_forest, infiniplex_forest_clump_diagonal,
          infiniplex_forest_lined_room_, infiniplex_forest_lined_room_,
          infiniplex_forest_lined_1, infiniplex_forest_lined_room_,
          infiniplex_forest_straight_4, infiniplex_forest_clump_cross,
          infiniplex_forest_zigzag_2, infiniplex_forest_lined_2,
          infiniplex_forest_clump_cross
D:2:      layout_loops_ring, basic_altar, uniq_crazy_yiuf_cottage, uniq_terence

Skill      XL: |  1  2 |
---------------+-------+-----
Axes           | 4 |  4.3
Fighting       | 4 |  4.3
Armour         | 3 |  3.3
Dodging        | |  2.9

Action                   |  1- 3 |  4- 6 || total
-------------------------+-------+-------++-------
Melee: Hand axe          |    82 |     5 ||    87
       Headbutt          |    13 |     1 ||    14
 Stab: Sleeping          |     1 |       ||     1
Armor: Animal skin       |    13 |       ||    13
Dodge: Dodged            |    55 |     5 ||    60

Table legend: (Time is in decaauts)
 A = Elapsed time spent in this place.
 B = Non-inter-level travel time spent in this place.
 C = Inter-level travel time spent in this place.
 D = Time resting spent in this place.
 E = Time spent auto-exploring this place.
 F = Levels seen in this place.
 G = Mean time per level.
                   A        B        C        D        E       F      G
               +--------+--------+--------+--------+--------+-----+--------+
         Total |   1603 |   1603 |      0 |    329 |   1020 |   2 |  801.5 |
       Dungeon |   1603 |   1603 |      0 |    329 |   1020 |   2 |  801.5 |
               +--------+--------+--------+--------+--------+-----+--------+

Top non-repeatable levels by time:
     D:1: 1050 daAuts
     D:2: 552 daAuts
